 Dungeon Crawl Stone Soup version 0.29-a0-378-gc08b2e8bf8 (webtiles) character file.

Game seed: 6568412170846191407

139 zeratav the Skirmisher (level 5, -3/35 HPs)
             Began as a Kobold Gladiator on May 4, 2022.
             Slain by a gnoll
             ... wielding a +1 flail of protection
              (9 damage)
             ... on level 3 of the Dungeon.
             The game lasted 00:02:53 (2391 turns).

zeratav the Skirmisher (Kobold Gladiator)           Turns: 2391, Time: 00:02:54

Health: -3/35      AC:  4    Str: 12    XL:     5   Next: 46%
Magic:  5/5        EV: 15    Int:  9    God:
Gold:   149        SH:  0    Dex: 18    Spells: 4/4 levels left

rFire   . . .      SeeInvis .   a - +0 rapier {short}
rCold   . . .      Faith    .   (no shield)
rNeg    . . .      Spirit   .   b - +0 leather armour
rPois   .          Reflect  .   c - +0 helmet
rElec   .          Harm     .   (no cloak)
rCorr   +          Rampage  .   (no gloves)
Will    .....                   (no boots)
Stlth   +++.......              (no amulet)
HPRegen 0.11/turn               A - ring of resist corrosion
MPRegen 0.09/turn               (no ring)

@: no status effects
A: small, no large weapons, nightstalker 3
a: no special abilities


You were on level 3 of the Dungeon.
You visited 1 branch of the dungeon, and saw 4 of its levels.

You collected 149 gold pieces.


Innate Abilities, Weirdness & Mutations

You are small and have problems with some larger weapons.
You are completely attuned to the shadows.


   Skills:
 - Level 5.0 Fighting
 - Level 4.0 Short Blades
 - Level 2.1 Throwing
 - Level 3.6 Dodging
 + Level 3.5 Stealth


You had 4 spell levels left.
You didn't know any spells.
Your spell library contained the following spells:

 Spells                   Type           Power      Damage    Failure   Level
 Conjure Flame            Conj/Fire      0%         6-21      83%         3
 Ignite Poison            Fire/Tmut/Pois 0%         N/A       83%         3
 Sticky Flame             Conj/Fire      0%         2d3       99%         4

Inventory:

Hand Weapons
 a - a +0 rapier (weapon) {short}
Missiles
 d - 4 throwing nets {=fthrowing}
 e - 6 boomerangs (quivered) {throwing}
Armour
 b - a +0 leather armour (worn)
 c - a +0 helmet (worn)
 f - a +0 robe
   (You found it on level 3 of the Dungeon)
 y - a +0 robe
   (You took it off an orc wizard on level 3 of the Dungeon)
 z - a +0 robe
   (You took it off an orc wizard on level 3 of the Dungeon)
 B - a +0 leather armour
   (You found it on level 3 of the Dungeon)
 D - a +0 scale mail
   (You found it on level 3 of the Dungeon)
Jewellery
 A - a ring of resist corrosion (left hand)
   (You found it on level 3 of the Dungeon)
Scrolls
 g - a scroll of magic mapping {unknown}
 h - a scroll of brand weapon {unknown}
 i - 3 scrolls of immolation {unknown}
 l - a scroll of amnesia {unknown}
 m - a scroll of blinking {unknown}
 n - 4 scrolls of identify {unknown}
 o - a scroll of teleportation {unknown}
 q - 4 scrolls of poison {unknown}
 r - 2 scrolls of vulnerability {unknown}
 v - a scroll of fear {unknown}
Potions
 j - a potion of haste {unknown}
 k - a potion of heal wounds {unknown}
 p - a potion of flight {unknown}
 s - a potion of ambrosia {unknown}
 t - a potion of attraction {unknown}
 u - 2 potions of brilliance {unknown}
 w - a potion of curing {unknown}
 x - a potion of cancellation {unknown}
 C - a potion of lignification {unknown}

Dungeon Overview and Level Annotations

Branches:
Dungeon (4/15)
 Temple: D:4-7

Altars:
Cheibriados

Shops:
D:4

( ##...## #.....>#....##.....#.
##...## #......#...........##
#...## #......#....###.#..#
##...# ###########........#..##
#...## #.###########.#.####....
#...# #......##........# #.###
#...######......##.####...# #.###
##.###......)..g..........###...#
#......<..###..@......##....##.#
#####.....# #.........##........
#.....# ###...#...##........
####### #...#...####......
#...#...##........
#####...##.#...... #...##.#######
######.# ### #.# #..


You could see a gnoll.


Message History

You hit the orc wizard.
You kill the orc wizard!
Your Stealth skill increases to level 3!
y - a +0 robe You now have 110 gold pieces (gained 11).
Things that are here:
a +0 spear {polearm}; an orc corpse You start resting.
HP[+8]
Your hp is fully restored (35).
e - 6 boomerangs {throwing} (gained 5)
Things that are here:
a +0 club {mace}; an orc corpse
z - a +0 robe You see here a +0 dagger {short}.
An adder comes into view.
An adder is nearby!
An adder is nearby!
You see here a ring of resist corrosion.
The helpless adder fails to defend itself.
You puncture the adder!
You kill the adder!
A - a ring of resist corrosion
B - a +0 leather armour You now have 122 gold pieces (gained 12).
C - a fizzy dark potion
Found a stone staircase leading down.
Found a stone staircase leading up.
You see here a +0 hand axe {axe}.
You now have 139 gold pieces (gained 17).
There is a stone staircase leading up here.
You now have 149 gold pieces (gained 10).
i - 3 scrolls labelled OSIQADGHEENN (gained 1)
D - a +0 scale mail You see here 25 stones {throwing}.
A kobold comes into view. It is wielding a +0 short sword.
A kobold is nearby!
A - a ring of resist corrosion (left hand)
The kobold shouts!
The kobold throws a stone.
The stone closely misses you.
You hit the kobold but do no damage.
The kobold hits you with a +0 short sword.
HP[-1]
You take 1 damage, and now have 34/35 hp.
You miss the kobold. The kobold completely misses you.
You hit the kobold.
You kill the kobold!
No target in view!
No target in view!
No target in view!
No target in view!
No target in view!
No target in view!
No target in view!
No target in view!
No target in view!
No target in view!
No target in view!
No target in view!
Things that are here:
a +0 short sword {short}; a stone {throwing} HP[+1]
Your hp is fully restored (35).
Done exploring.
Done exploring.
(D) Dungeon
Where to? (Enter - D:3, ? - help)
There is a stone staircase leading down here.
You climb downwards.
The gnoll shouts! x3
Found Toluasug's Antique Weapon Shop.
Found a stone staircase leading down.
There is a stone staircase leading up here.
There are monsters nearby!
You barely miss the gnoll. The gnoll misses you.
You hit the gnoll. The gnoll barely misses you. x2
The gnoll hits you with a +1 flail of protection.
HP[-5]
You take 5 damage, and now have 30/35 hp.
You hit the gnoll but do no damage.
The gnoll hits you from afar with a +0 spear. x2
The gnoll barely misses you.
HP[-12]
You take 12 damage, and now have 18/35 hp.
MASSIVE DAMAGE!! (PAUSE)
The gnoll hits you but does no damage.
The gnoll hits you with a +1 flail of protection.
* * * LOW HITPOINT WARNING * * *
The gnoll hits you from afar with a +0 spear!
* * * LOW HITPOINT WARNING * * *
You climb upwards.
There is a stone staircase leading down here.
HP[-12]
You take 12 damage, and now have 6/35 hp.
MASSIVE DAMAGE!! (PAUSE)
You hit the gnoll. The gnoll barely misses you.
You barely miss the gnoll. The gnoll misses you.
You puncture the gnoll! The gnoll misses you.
You barely miss the gnoll.
The gnoll hits you with a +1 flail of protection!
You die...

Skill      XL: |  1  2  3  4  5 |
---------------+----------------+-----
Fighting       | 3 4 5 |  5.0
Stealth        | 1 3 |  3.5
Short Blades   | |  4.0
Throwing       | |  2.1
Dodging        | |  3.6

Action                   |  1- 3 |  4- 6 || total
-------------------------+-------+-------++-------
Melee: Rapier            |    55 |    67 ||   122
       Punch             |       |     3 ||     3
Throw: Boomerang         |       |    11 ||    11
 Stab: Sleeping          |    16 |     1 ||    17
Armor: Leather armour    |     2 |    18 ||    20
Dodge: Dodged            |    25 |    60 ||    85

Levels and vault maps discovered:
D:1:      dpeg_arrival_long_road, layout_rooms
D:2:      layout_loops_ring, minivault_23, hangedman_decor_riveting
D:3:      layout_basic, cheibriados_altar_1, serial_curves, eino_curves_02,
          eino_curves_02
D:4:      layout_loops_corners, mainiacjoe_overflow_brackets, serial_shops,
          nicolae_square_shop, nicolae_shop_overgrown_old_shop,
          nicolae_stop_n_shop_1

Notes
Turn   | Place    | Note
-------+----------+-------------------------------------------
     0 | D:1      | zeratav the Kobold Gladiator began the quest for the Orb.
     0 | D:1      | Reached XP level 1. HP: 12/12 MP: 1/1
     0 | D:1      | magus.rc [v1.9.6]
   192 | D:1      | Reached XP level 2. HP: 18/18 MP: 2/2
   196 | D:1      | Reached skill level 3 in Fighting
   483 | D:1      | You add the spells Conjure Flame, Ignite Poison and Sticky
                  | Flame to your library.
   612 | D:2      | Reached XP level 3. HP: 22/24 MP: 3/3
   711 | D:2      | Reached skill level 4 in Fighting
  1080 | D:2      | Reached XP level 4. HP: 26/30 MP: 4/4
  1656 | D:3      | Found a snail-covered altar of Cheibriados.
  1862 | D:3      | Reached skill level 5 in Fighting
  1862 | D:3      | Reached skill level 1 in Stealth
  1862 | D:3      | Reached XP level 5. HP: 31/35 MP: 5/5
  1867 | D:3      | Reached skill level 2 in Stealth
  1885 | D:3      | Reached skill level 3 in Stealth
  2382 | D:4      | Found Toluasug's Antique Weapon Shop.
  2386 | D:4      | HP: 5/35 [gnoll/+0 spear (7)]
  2391 | D:3      | Slain by a gnoll

Vanquished Creatures
  2 orc wizards (D:3)
  4 adders
  A worm (D:2)
  A dart slug (D:3)
  An orc (D:3)
  2 bats
  6 endoplasms
  2 giant cockroaches
  3 goblins
  2 hobgoblins
  12 kobolds
  A quokka (D:3)
  5 ball pythons
  4 frilled lizards
  2 rats (D:2)
48 creatures vanquished.

Table legend:
 A = Non-vault XP
 B = Vault XP
 C = Vault XP percentage of total XP
 D = Non-vault monster count
 E = Vault monster count
 F = Vault count percentage of total count
                 A         B        C        D         E       F
            +---------+---------+-------+---------+---------+-------
      Total |     199 |       0 |   0.0 |      48 |       0 |   0.0
            +---------+---------+-------+---------+---------+-------
        D:1 |      26 |       0 |   0.0 |      15 |       0 |   0.0
        D:2 |      58 |       0 |   0.0 |      20 |       0 |   0.0
        D:3 |     115 |       0 |   0.0 |      13 |       0 |   0.0
            +---------+---------+-------+---------+---------+-------

Illustrated notes

Table legend:
 A = Kills in this place as a percentage of kills in entire the game.
 B = Kills by you in this place as a percentage of kills by you in the entire game.
 C = Kills by friends in this place as a percentage of kills by friends in the entire game.
 D = Other kills in this place as a percentage of other kills in the entire game.
 E = Experience gained in this place as a percentage of experience gained in the entire game.
 F = Experience gained in this place divided by the number of levels of this place that you have seen.
                   A       B       C       D       E      F
               +-------+-------+-------+-------+-------+----------------------
         Total | 100.0 | 100.0 |   N/A |   N/A | 100.0 |  49.8
       Dungeon | 100.0 | 100.0 |   N/A |   N/A | 100.0 |  49.8
               +-------+-------+-------+-------+-------+----------------------

Table legend: (Time is in decaauts)
 A = Elapsed time spent in this place.
 B = Non-inter-level travel time spent in this place.
 C = Inter-level travel time spent in this place.
 D = Time resting spent in this place.
 E = Time spent auto-exploring this place.
 F = Levels seen in this place.
 G = Mean time per level.
                   A        B        C        D        E       F      G
               +--------+--------+--------+--------+--------+-----+--------+
         Total |   2392 |   2364 |     28 |     64 |   1966 |   4 |  598.0 |
       Dungeon |   2392 |   2364 |     28 |     64 |   1966 |   4 |  598.0 |
               +--------+--------+--------+--------+--------+-----+--------+

Top non-repeatable levels by time:
     D:2: 924 daAuts
     D:3: 858 daAuts
     D:1: 605 daAuts
     D:4: 4 daAuts
